 Dungeon Crawl Stone Soup version 0.28-a0-563-gf77a47075d (webtiles) character file.

Game seed: 5403859029858035779

1614 robertstho the Cleaver (level 8, 0/111 HPs)
             Began as a Minotaur Berserker on Sept 29, 2021.
             Was an Elder of Trog.
             Slain by an 11-headed hydra (2 damage)
             ... on level 7 of the Dungeon.
             The game lasted 00:05:32 (4730 turns).

robertstho the Cleaver (Minotaur Berserker)         Turns: 4730, Time: 00:05:34

Health: 0/111      AC: 16    Str: 22    XL:     8   Next: 64%
Magic:  7/7        EV:  9    Int:  5    God:    Trog [****..]
Gold:   358        SH:  0    Dex: 11    Spells: 7/7 levels left

rFire   . . .      SeeInvis .   l - +0 war axe
rCold   . . .      Faith    .   (no shield)
rNeg    . . .      Spirit   .   s - +0 chain mail
rPois   .          Reflect  .   (helmet restricted)
rElec   .          Harm     .   k - +0 cloak
rCorr   .          Rampage  .   (no gloves)
Will    .....                   j - +0 pair of boots
Stlth   ..........              (no amulet)
HPRegen 0.28/turn               e - +4 ring of protection
MPRegen 0.10/turn               (no ring)

@: berserking, lethally poisoned (0 -> -3), very quick
A: horns 2, retaliatory headbutt
a: Renounce Religion, Berserk, Trog's Hand, Brothers in Arms


You were on level 7 of the Dungeon.
You worshipped Trog.
Trog was greatly pleased with you.
You visited 1 branch of the dungeon, and saw 7 of its levels.

You collected 358 gold pieces.

Inventory:

Hand Weapons
 l - a +0 war axe (weapon)
Missiles
 a - a throwing net (quivered)
Armour
 j - a +0 pair of boots (worn)
 k - a +0 cloak (worn)
 s - a +0 chain mail (worn)
Jewellery
 e - a +4 ring of protection (left hand)
 r - an amulet of reflection
Scrolls
 f - 2 scrolls of teleportation
 g - 3 scrolls of immolation {unknown}
 h - 4 scrolls of enchant armour {unknown}
 i - 3 scrolls of enchant weapon
 m - 2 scrolls of fear {unknown}
 n - a scroll of vulnerability
 o - 2 scrolls of torment
 u - a scroll of silence {unknown}
Potions
 b - a potion of haste {unknown}
 c - 2 potions of flight
 d - 2 potions of might
 p - a potion of attraction {unknown}
 q - a potion of degeneration {unknown}
 t - a potion of heal wounds {unknown}
 v - a potion of invisibility {unknown}


   Skills:
 * Level 8.0 Fighting
 + Level 8.5 Axes
 * Level 6.4 Armour
 + Level 4.6 Dodging
 + Level 1.5 Stealth


You had 7 spell levels left.
You didn't know any spells.
Your spell library was empty.

Dungeon Overview and Level Annotations

Branches:
Dungeon (7/15)
 Temple: D:4-7

Altars:
Nemelex Xobeh


Innate Abilities, Weirdness & Mutations

You have a pair of horns on your head.
You reflexively headbutt those who attack you in melee.


Message History

The nine-headed hydra bites you but does no damage. x2
The nine-headed hydra barely misses you.
The nine-headed hydra bites you! The nine-headed hydra bites you.
The nine-headed hydra closely misses you.
The nine-headed hydra bites you but does no damage.
The killer bee closely misses you. You furiously retaliate!
You headbutt the killer bee.
You kill the killer bee!
Trog accepts your kill.
Your Fighting skill increases to level 8!
You chop one of the nine-headed hydra's heads off!
The eight-headed hydra grows two more!
You slash the ten-headed hydra!
The ten-headed hydra is heavily wounded.
You slash the killer bee! The ten-headed hydra bites you!
The ten-headed hydra bites you.
The ten-headed hydra bites you but does no damage.
The ten-headed hydra bites you. The ten-headed hydra bites you!
The ten-headed hydra bites you but does no damage. x2
The ten-headed hydra barely misses you. The ten-headed hydra bites you. x2
* * * LOW HITPOINT WARNING * * *
The killer bee stings you but does no damage.
You slice one of the ten-headed hydra's heads off!
The nine-headed hydra grows two more!
You slash the 11-headed hydra! You headbutt the 11-headed hydra!
The 11-headed hydra is heavily wounded.
You slash the killer bee! You closely miss the killer bee.
You feel sick. The killer bee stings you.
* * * LOW HITPOINT WARNING * * *
The 11-headed hydra bites you!
* * * LOW HITPOINT WARNING * * *
The 11-headed hydra closely misses you. The 11-headed hydra bites you!
* * * LOW HITPOINT WARNING * * *
The 11-headed hydra barely misses you.
The 11-headed hydra bites you but does no damage. x2
The 11-headed hydra bites you.
* * * LOW HITPOINT WARNING * * *
The 11-headed hydra closely misses you.
The 11-headed hydra bites you but does no damage.
The 11-headed hydra bites you.
You die...

#.# ## .. #.####.+ ...
########.##[..# ....
#.........#<).# #...#
#.......#.#)).###+
...##.......#.#......[
...y..)....#.........
##Dy##...#..########
###.y@y..#.#..#
#.............#
#...##.#######.... #..
#. #..... . #. ......
#. .#.##.. #. ..#.#
... ##


You could see a 11-headed hydra and 4 killer bees.

Vanquished Creatures
  A water moccasin (D:6)
  An ice beast (D:6)
  An ogre (D:5)
  2 necrophages
  Blork the orc (D:6)
  A bullfrog (D:6)
  2 scorpions
  A water moccasin zombie (D:5)
  A gnoll sergeant (D:5)
  A wyvern zombie (D:5)
  A water moccasin skeleton (D:5)
  2 killer bees (D:7)
  A hound (D:6)
  2 orc priests (D:5)
  Crazy Yiuf (D:2)
  2 bullfrog skeletons (D:6)
  Jessica (D:2)
  5 orc wizards
  8 adders
  11 gnolls
  An ufetubus (D:5)
  An adder skeleton (D:4)
  2 worms
  5 dart slugs
  13 orcs
  3 bats
  4 endoplasms
  4 giant cockroaches
  3 goblins
  10 hobgoblins
  4 quokkas
  5 ball pythons
  3 frilled lizards
  7 kobolds
  9 rats
120 creatures vanquished.

Notes
Turn   | Place    | Note
-------+----------+-------------------------------------------
     0 | D:1      | robertstho the Minotaur Berserker began the quest for the
                  | Orb.
     0 | D:1      | Reached XP level 1. HP: 19/19 MP: 0/0
   341 | D:1      | Reached XP level 2. HP: 27/27 MP: 1/1
   999 | D:2      | Reached XP level 3. HP: 30/34 MP: 2/2
  1105 | D:2      | Reached ** piety under Trog
  1583 | D:2      | Noticed Jessica
  1589 | D:2      | Killed Jessica
  1590 | D:2      | Reached skill level 5 in Fighting
  1590 | D:2      | Reached XP level 4. HP: 42/42 MP: 3/3
  1742 | D:2      | Found a runed translucent door.
  1743 | D:2      | Noticed Crazy Yiuf
  1749 | D:2      | Killed Crazy Yiuf
  2023 | D:3      | Reached XP level 5. HP: 42/48 MP: 4/4
  2692 | D:4      | Noticed a necrophage
  2703 | D:4      | Killed a necrophage
  2704 | D:4      | Reached skill level 5 in Axes
  2712 | D:4      | Reached *** piety under Trog
  2713 | D:4      | Reached XP level 6. HP: 39/57 MP: 5/5
  3036 | D:5      | Entered Level 5 of the Dungeon
  3060 | D:5      | Reached skill level 1 in Stealth
  3067 | D:5      | Reached XP level 7. HP: 43/63 MP: 6/6
  3655 | D:5      | Found a sparkling altar of Nemelex Xobeh.
  4125 | D:6      | Reached skill level 5 in Armour
  4125 | D:6      | Reached XP level 8. HP: 59/73 MP: 7/7
  4266 | D:6      | Noticed Blork the orc
  4277 | D:6      | Killed Blork the orc
  4374 | D:6      | Reached **** piety under Trog
  4720 | D:7      | Noticed a seven-headed hydra
  4730 | D:7      | HP: 2/111 [11-headed hydra (6)]
  4730 | D:7      | Slain by an 11-headed hydra

Illustrated notes

Levels and vault maps discovered:
D:1:      kilobyte_arrival_exit_the_forest, layout_rooms, serial_aquarium,
          aquarium_bridge_long_joined [aquarium_subvault_window,
          aquarium_subvault_balcony, aquarium_subvault_bridge,
          aquarium_subvault_wall, aquarium_subvault_window,
          aquarium_subvault_wall], aquarium_bridge_straight
          [aquarium_subvault_bridge, aquarium_subvault_window,
          aquarium_subvault_bridge, aquarium_subvault_window],
          aquarium_window_double, aquarium_window_fake, aquarium_view_2c
D:2:      layout_basic, grunt_ministairs_12, minmay_misc_feat_encased,
          uniq_jessica, uniq_crazy_yiuf_cottage
D:3:      layout_basic
D:4:      layout_rooms, chequers_serial_rivers_large_b, kennysheep_potato
D:5:      layout_loops_ring, nemelex_dance_club_becter
D:6:      layout_rooms, uniq_blork_the_orc
D:7:      layout_rooms, minmay_temple_entry_glassed_door, nicolae_benzene_ring,
          uniq_duvessa

Skill      XL: |  1  2  3  4  5  6  7  8 |
---------------+-------------------------+-----
Fighting       | 4 5 6 7 8 |  8.0
Axes           | 4 5 6 7 8 |  8.5
Armour         | 3 4 5 6 |  6.4
Dodging        | 3 4 |  4.6
Stealth        | 1 |  1.5

Action                   |  1- 3 |  4- 6 |  7- 9 || total
-------------------------+-------+-------+-------++-------
Melee: Hand axe          |    78 |    69 |    22 ||   169
       Headbutt          |    14 |    13 |    22 ||    49
       War axe           |       |       |    89 ||    89
Invok: Berserk           |     2 |     2 |     4 ||     8
  Use: Scroll            |     1 |     3 |     2 ||     6
 Stab: Sleeping          |     1 |     1 |       ||     2
Armor: Animal skin       |     8 |    31 |     1 ||    40
       Chain mail        |       |       |    72 ||    72
Dodge: Dodged            |    62 |    45 |    56 ||   163

Table legend: (Time is in decaauts)
 A = Elapsed time spent in this place.
 B = Non-inter-level travel time spent in this place.
 C = Inter-level travel time spent in this place.
 D = Time resting spent in this place.
 E = Time spent auto-exploring this place.
 F = Levels seen in this place.
 G = Mean time per level.
                   A        B        C        D        E       F      G
               +--------+--------+--------+--------+--------+-----+--------+
         Total |   4845 |   4494 |    351 |    236 |   3497 |   7 |  692.1 |
       Dungeon |   4845 |   4494 |    351 |    236 |   3497 |   7 |  692.1 |
               +--------+--------+--------+--------+--------+-----+--------+

Top non-repeatable levels by time:
     D:2: 1142 daAuts
     D:5: 1072 daAuts
     D:1: 890 daAuts
     D:4: 656 daAuts
     D:6: 629 daAuts
     D:3: 423 daAuts
     D:7: 32 daAuts
